 Dungeon Crawl Stone Soup version 0.31-a0-851-g7ff8af7976 (webtiles) character file.

Game seed: 7282961299370404982

28 avis the Ducker (level 2, 14/14 HPs)
             Began as a Felid Fighter on Oct 8, 2023.
             Got out of the dungeon alive.
             The game lasted 00:03:24 (1109 turns).

avis the Ducker (Felid Fighter)                     Turns: 1109, Time: 00:03:24

Health: 14/14      AC:  1    Str: 12    XL:     2   Next: 96%
Magic:  3/3        EV: 19    Int:  9    God:
Gold:   87         SH:  0    Dex: 15    Spells: 1/1 levels left
                                        Lives:  0   Deaths: 1

rFire   . .          .
                       - Unarmed
rCold   . . .        (shield unavailable)
rNeg    . . .        (body armour unavailable)
rPois   .            (helmet unavailable)
rElec   .            (cloak unavailable)
rCorr   .            (gloves unavailable)
SInv    +            (boots unavailable)
Will    .....        (no amulet)
Stlth   ++           (no ring)
HPRegen 0.22/turn    (no ring)
MPRegen 0.08/turn

%: no passive effects
@: quick
A: very small, claws 1, fangs 3, see invisible, speed 1, shaggy fur 1, stealthy
paws, no weapons or thrown items, no armour, multi-lived
a: no special abilities


You escaped.
You visited 1 branch of the dungeon, and saw 2 of its levels.

You collected 87 gold pieces.

Inventory:

Scrolls
 c - a scroll of enchant armour {unknown}
 d - a scroll of revelation {unknown}
Potions
 a - a potion of might
 b - 2 potions of curing {unknown}


   Skills:
 - Level 3.0 Fighting
 * Level 5.1 Dodging
 + Level 2.0 Stealth
 - Level 4.0 Unarmed Combat


You had one spell level left.
You didn't know any spells.
Your spell library contained the following spells:

 Spells                   Type           Power      Damage    Failure   Level
 Poisonous Vapours        Pois/Air       0%         N/A       52%         2
 Mephitic Cloud           Conj/Pois/Air  0%         N/A       77%         3
 Freezing Cloud           Conj/Ice/Air   0%         6-21      100%        5


Dungeon Overview and Level Annotations

Branches:
Dungeon (2/15)

Altars:


Innate Abilities, Weirdness & Mutations

You have sharp claws.
You have razor-sharp teeth.
You have supernaturally acute eyesight. (SInv)
You cover ground quickly. (Speed+)
You are covered in fur. (AC +1)
Your paws help you pounce on unaware monsters.
You are incapable of wielding weapons or throwing items.
You cannot wear armour.
You gain extra lives every three experience levels.


Message History

The bat hits you. The bat barely misses you. The adder closely misses you.
The bat misses you.
You scratch the bat.
You kill the bat!
The adder barely misses you. The jackal misses you.
The dart slug launches a dart at you. The slug dart hits you.
The adder barely misses you. The jackal attacks as it pursues you!
The jackal completely misses you.
There is a stone staircase leading up here.
The jackal closely misses you. The adder barely misses you.
The jackal misses you.
You climb upwards.
There is a stone staircase leading down here.
The adder misses you. The jackal closely misses you.
The adder attacks as it pursues you! The adder bites you.
The jackal attacks as it pursues you! The jackal closely misses you.
You scratch the adder. You bite the adder.
The adder is almost dead.
The adder misses you.
You scratch the adder.
You kill the adder!
Your Dodging skill increases to level 5!
Your Stealth skill increases to level 2!
You scratch the jackal. You claw the jackal. You bite the jackal.
You kill the jackal!
HP restored.
There is an open door here.
The merfolk shouts!
The minotaur bellows!
The vine stalker shouts!
The human shouts!
The troll shouts!
The octopode shouts!
The naga shouts!
The merfolk shouts!
The orc shouts!
The demonspawn shouts!
There is an open door here.
There is a staircase leading out of the dungeon here.
You have escaped!

#.###.#######.########
#.#p#.#M# #.#
#)###.### #.#
#.#6#.#o#####.#
#.###.###....(#
###i#.#O#######
###'### #...# #.@.#
#####


There were no monsters in sight!

Vanquished Creatures
  An adder (D:1)
  2 bats
  An endoplasm (D:2)
  A giant cockroach (D:1)
  2 goblins
  3 jackals
  A kobold (D:1)
  A quokka (D:1)
  3 ball pythons
  2 frilled lizards (D:2)
17 creatures vanquished.

Notes
Turn   | Place    | Note
-------+----------+-------------------------------------------
     0 | D:1      | avis the Felid Fighter began the quest for the Orb.
     0 | D:1      | Reached XP level 1. HP: 10/10 MP: 2/2
     2 | D:1      | Noticed a spriggan
     2 | D:1      | Noticed an ogre
     4 | D:1      | Noticed a demonspawn
     6 | D:1      | Noticed a meteoran
     8 | D:1      | Noticed a merfolk
     8 | D:1      | Noticed a vampire
    10 | D:1      | Noticed an octopode
    10 | D:1      | Noticed a naga
    12 | D:1      | Noticed a troll
    12 | D:1      | Noticed a demigod
    14 | D:1      | Noticed a human
    14 | D:1      | Noticed a tengu
    16 | D:1      | Noticed a formicid
    16 | D:1      | Noticed an elf
    18 | D:1      | Noticed an armataur
    18 | D:1      | Noticed a vine stalker
    20 | D:1      | Noticed a minotaur
    20 | D:1      | Noticed a ghoul
    22 | D:1      | Noticed a draconian
    25 | D:1      | Noticed a felid
    25 | D:1      | Noticed a merfolk
    27 | D:1      | Noticed a human
    27 | D:1      | Noticed an elf
   317 | D:1      | Reached skill level 1 in Stealth
   817 | D:2      | Reached XP level 2. HP: 14/14 MP: 3/3
   949 | D:2      | Slain by a jackal
  1002 | D:1      | Reached skill level 5 in Dodging
  1109 | D:$      | Got out of the dungeon alive.

Illustrated notes

Levels and vault maps discovered:
D:1:      kb_arrival_jail, layout_loops_ring
D:2:      minmay_evil_eye, layout_rooms, hellmonk_ecumenical_altar_lost_god

Skill      XL: |  1  2 |
---------------+-------+-----
Stealth        | 1 2 |  2.0
Dodging        | 5 |  5.1
Fighting       | |  3.0
Unarmed Combat | |  4.0

Action                     || total
---------------------------++-------
  Melee: Unarmed           ||    40
         Bite              ||     6
         Punch             ||     2
   Stab: Sleeping          ||     2
 Armour: Skin              ||    28
  Dodge: Dodged            ||    87

Table legend: (Time is in decaauts)
 A = Elapsed time spent in this place.
 B = Non-inter-level travel time spent in this place.
 C = Inter-level travel time spent in this place.
 D = Time resting spent in this place.
 E = Time spent auto-exploring this place.
 F = Levels seen in this place.
 G = Mean time per level.
                   A        B        C        D        E       F      G
               +--------+--------+--------+--------+--------+-----+--------+
         Total |    907 |    741 |    166 |     32 |    560 |   2 |  453.5 |
       Dungeon |    907 |    741 |    166 |     32 |    560 |   2 |  453.5 |
               +--------+--------+--------+--------+--------+-----+--------+

Top non-repeatable levels by time:
     D:1: 828 daAuts
     D:2: 79 daAuts
